 Dungeon Crawl Stone Soup version 0.27.1-34-g3ba077fa99 (webtiles) character file.

Game seed: 14912328094580645045

330 Arum the Shield-Bearer (level 6, -1/51 HPs)
             Began as a Formicid Fighter on Jan 4, 2022.
             Slain by an orc (6 damage)
             ... on level 3 of the Dungeon.
             The game lasted 00:02:40 (2133 turns).

Arum the Shield-Bearer (Formicid Fighter)           Turns: 2133, Time: 00:02:41

Health: -1/51      AC:  8    Str: 20    XL:     6   Next: 81%
Magic:  6/6        EV:  8    Int:  8    God:
Gold:   91         SH: 10    Dex: 12    Spells: 5/5 levels left

rFire    . . .     SeeInvis +   a - +0 quarterstaff
rCold    . . .     Faith    .   c - +0 kite shield
rNeg     . . .     Spirit   .   b - +0 scale mail
rPois    .         Reflect  .   (helmet unavailable)
rElec    .         Harm     .   (no cloak)
rCorr    .         Rampage  .   e - +0 pair of gloves
Will     .....                  (no boots)
Stlth    ..........             (no amulet)
HPRegen  0.17/turn              (no ring)
MPRegen  0.10/turn              (no ring)

@: no status effects
A: permanent stasis, dig shafts and tunnels, antennae 3, four strong arms
a: Dig, Shaft Self


You were on level 3 of the Dungeon.
You visited 1 branch of the dungeon, and saw 3 of its levels.

You collected 91 gold pieces.

Inventory:

Hand Weapons
 a - a +0 quarterstaff (weapon)
Armour
 b - a +0 scale mail (worn)
 c - a +0 kite shield (worn)
 e - a +0 pair of gloves (worn)
Scrolls
 d - a scroll of identify {unknown}
 f - 2 scrolls of teleportation {unknown}
 h - a scroll of fear {unknown}
 i - a scroll of fog {unknown}
 j - a scroll of enchant weapon {unknown}
Potions
 g - a potion of degeneration {unknown}


   Skills:
 + Level 5.2 Fighting
 + Level 4.1 Staves
 - Level 3.2 Armour
 + Level 5.7 Shields


You had 5 spell levels left.
You didn't know any spells.
Your spell library was empty.

Dungeon Overview and Level Annotations

Branches:
Dungeon (3/15)

Altars:


Innate Abilities, Weirdness & Mutations

You cannot be hasted, slowed, berserked, paralysed or teleported.
You can dig through walls and to a lower floor.
You have a pair of large antennae on your head. (SInv)
Your four strong arms can wield two-handed weapons with a shield.


Message History

You barely miss the orc priest. The orc closely misses you.
The orc priest hits you but does no damage.
You hit the orc priest.
The orc priest is moderately wounded.
You block the orc's attack.
The orc priest looks encouraged for a moment.
The orc hits you but does no damage.
Your scale mail prevents you from hitting the orc priest.
The orc priest is moderately wounded.
The orc priest hits you with a +0 dagger.
You block the orc's attack. The orc priest barely misses you.
You hit the orc priest.
The orc priest is severely wounded.
The orc hits you but does no damage.
The orc priest hits you but does no damage.
You hit the orc priest.
The orc priest is almost dead.
The orc closely misses you.
The orc priest invokes the aid of Beogh against you.
Beogh smites you!
You hit the orc priest but do no damage.
The orc priest is almost dead.
You block the orc's attack. The orc priest barely misses you.
Your scale mail prevents you from hitting the orc priest.
The orc priest is almost dead.
The orc hits you from afar with a +0 trident.
The orc priest hits you but does no damage.
The orc hits you but does no damage.
You hit the orc priest but do no damage.
The orc priest is almost dead.
The orc priest mumbles some strange prayers to Beogh against you.
Beogh smites you! You block the orc's attack.
The orc priest invokes the aid of Beogh against you.
Pain shoots through your body!
* * * LOW HITPOINT WARNING * * *
You sock the orc priest!
You kill the orc priest!
The orc barely misses you. The orc hits you with a +0 trident.
You die...

#.# #.# ####
#.# #.# ..#
#.# #.# #.#
#.###.#
#.###.....###
#>......)...#
#.####.####.#
######.## #.#
#)# ........#
#.# #@#
.#####..# #.#
#o# .#
#........ .o#
.#
#..........##
.#
#.####.###.
.#####.. # #.
.......# #.
######.# #.
#### #.#


You could see 2 orcs.

Vanquished Creatures
  An ogre (D:2)
  A jelly (D:3)
  2 orc priests (D:3)
  Jessica (D:3)
  An orc wizard (D:3)
  A gnoll (D:1)
  4 adders (D:2)
  A worm (D:2)
  A dart slug (D:1)
  2 orcs (D:3)
  7 endoplasms
  2 giant cockroaches
  3 goblins
  5 hobgoblins
  3 jackals (D:1)
  4 quokkas
  6 ball pythons
  3 bats
  4 frilled lizards
  7 kobolds
  4 rats
63 creatures vanquished.

Notes
Turn   | Place    | Note
-------+----------+-------------------------------------------
     0 | D:1      | Arum the Formicid Fighter began the quest for the Orb.
     0 | D:1      | Reached XP level 1. HP: 18/18 MP: 1/1
   140 | D:1      | Reached XP level 2. HP: 24/24 MP: 2/2
   314 | D:1      | Found a faded altar of an unknown god.
   821 | D:1      | Reached XP level 3. HP: 30/30 MP: 3/3
  1067 | D:2      | Reached XP level 4. HP: 21/37 MP: 4/4
  1382 | D:2      | Noticed an ogre
  1393 | D:2      | Killed an ogre
  1394 | D:2      | Reached skill level 5 in Shields
  1394 | D:2      | Reached XP level 5. HP: 25/43 MP: 5/5
  1965 | D:3      | Reached XP level 6. HP: 47/50 MP: 6/6
  2009 | D:3      | Noticed Jessica
  2020 | D:3      | Killed Jessica
  2035 | D:3      | Reached skill level 5 in Fighting
  2133 | D:3      | Slain by an orc

Illustrated notes

Levels and vault maps discovered:
D:1:      minmay_arrival_pointy, layout_loops_corners,
          ebering_ecumenical_altar_rust
D:2:      layout_rooms
D:3:      layout_loops_ring, chequers_garden, minmay_goblin_kobold_house,
          uniq_jessica, uniq_robin, uniq_crazy_yiuf_cottage

Skill      XL: |  1  2  3  4  5  6 |
---------------+-------------------+-----
Shields        | 4 5 |  5.7
Fighting       | 4 5 |  5.2
Staves         | 3 4 |  4.1
Armour         | |  3.2

Action                   |  1- 3 |  4- 6 || total
-------------------------+-------+-------++-------
Melee: Quarterstaff      |    72 |   121 ||   193
 Abil: Dig               |       |     2 ||     2
  Use: Potion            |       |     1 ||     1
Armor: Scale mail        |    34 |    38 ||    72
Dodge: Dodged            |    26 |    37 ||    63
Block: Kite shield       |    30 |    57 ||    87
